 Dungeon Sprint DCSS version 0.30-a0-1053-gbd8d5ba0ad (webtiles) character file.

Game seed: 6980922316285875142

19515 fozzywoppz the Bludgeoner (level 13, 0/119 HPs)
             Began as a Formicid Fighter on Apr 11, 2023.
             Was a High Priest of Okawaru.
             Slain by an orc knight
             ... wielding a +3 long sword
              (15 damage)
             ... in the Dungeon (Sprint VII: "The Pits") on Apr 12, 2023.
             The game lasted 00:11:25 (2254 turns).

fozzywoppz the Bludgeoner (Formicid Fighter)        Turns: 2254, Time: 00:11:25

Health: 0/119      AC: 26    Str: 25    XL:     13   Next: 5%
Magic:  18/22      EV: 12    Int: 12    God:    Okawaru [*****.]
Gold:   9          SH:  7    Dex: 13    Spells: 12/12 levels left

rFire   . . .      SeeInvis +    s - +4 eveningstar of Oneystr Pini {heavy, rElec}
rCold   . . .      Faith    .    c - +0 buckler
rNeg    . . .      Spirit   .    r - +3 plate armour
rPois   .          Reflect  .    (helmet unavailable)
rElec   +          Rampage  .    o - +0 cloak
rCorr   .                        q - +0 pair of gloves
Will    +....                    (no boots) Stlth
                                 (no amulet)
HPRegen 0.39/turn                b - +3 ring of intelligence
MPRegen 0.18/turn                d - +3 ring of protection

@: finesse-ful
A: permanent stasis, dig shafts and tunnels, antennae 3, four strong arms
a: Dig, Renounce Religion, Heroism, Finesse


You were in the Dungeon.
You worshipped Okawaru.
Okawaru was extremely pleased with you.
You visited 1 branch You collected 9 gold pieces.

Inventory:

Hand Weapons
 p - a +2 heavy dire flail
 s - the +4 eveningstar of Oneystr Pini (weapon) {heavy, rElec}
   (Okawaru gifted it to you in the Dungeon)

   rElec:     It insulates you from electricity.
Missiles
 n - 2 boomerangs
Armour
 c - a +0 buckler (worn)
 o - a +0 cloak (worn)
 q - a +0 pair of gloves (worn)
 r - a +3 plate armour (worn)
Jewellery
 b - a +3 ring of intelligence (left hand)
 d - a +3 ring of protection (right hand)
 y - a ring of positive energy
 z - a ring of willpower
Scrolls
 h - 3 scrolls of blinking
 j - 5 scrolls of amnesia
 k - a scroll of butterflies
 m - 3 scrolls of identify
 u - a scroll of fear
 v - a scroll of fog
 w - 2 scrolls of enchant armour
 x - 2 scrolls of enchant weapon
Potions
 a - 4 potions of might
 e - 11 potions of curing
 f - 11 potions of heal wounds
 g - 4 potions of magic
 i - 2 potions of invisibility
 l - a potion of mutation
 t - a potion of brilliance


   Skills:
 + Level 16.4 Fighting
 + Level 16.9 Maces & Flails
 + Level 16.4 Armour
 + Level 11.6 Dodging
 + Level 13.5 Shields
 - Level 12.0 Invocations


You had 12 spell levels left.
You didn't know any spells.
Your spell library contained the following spells:

 Spells                   Type           Power      Damage    Failure   Level
 Passwall                 Tmut/Erth      0%         N/A       98%         2
 Summon Hydra             Summ           Unusable   N/A       N/A         7

Dungeon Overview and Level Annotations

Branches:
Dungeon (1/1)

Altars:
Ashenzari
Cheibriados
Dithmenos
Elyvilon
Fedhas
Gozag
Hepliaklqana
Kikubaaqudgha
Makhleb
Nemelex Xobeh
Okawaru
Qazlal
Ru
Sif Muna
Trog
Uskayaw
Vehumet
Wu Jian
Xom
Yredelemnul
Zin
The Shining One
Jiyva
Lugonu


Innate Abilities, Weirdness & Mutations

You cannot be hasted, slowed, berserked, paralysed or teleported.
You can dig through walls and to a lower floor.
You have a pair of large antennae on your head. (SInv)
Your four strong arms can wield two-handed weapons with a shield.


Message History

The deep elf blademaster hits you with a +0 rapier.
* * * LOW HITPOINT WARNING * * *
The deep elf blademaster hits you but does no damage.
You barely miss the deep elf blademaster.
The deep elf blademaster is heavily wounded.
You block the orc knight's attack.
The deep elf blademaster hits you but does no damage. x2
You puncture the deep elf blademaster!
The deep elf blademaster is severely wounded.
The orc knight hits you but does no damage.
The deep elf blademaster hits you with a +0 rapier!
* * * LOW HITPOINT WARNING * * *
The deep elf blademaster hits you but does no damage.
You closely miss the deep elf blademaster.
The deep elf blademaster is severely wounded.
You bludgeon the deep elf blademaster!!
The deep elf blademaster is severely wounded.
The deep elf blademaster closely misses you.
The deep elf blademaster hits you with a +0 rapier.
* * * LOW HITPOINT WARNING * * *
The orc knight hits you with a +3 long sword.
* * * LOW HITPOINT WARNING * * *
You feel much better.
The deep elf blademaster hits you with a +0 rapier!
* * * LOW HITPOINT WARNING * * *
The deep elf blademaster misses you.
You block the deep elf blademaster's attack.
The deep elf blademaster hits you but does no damage.
The orc knight hits you but does no damage.
You puncture the deep elf blademaster!
The deep elf blademaster is almost dead.
The deep elf blademaster hits you with a +0 rapier!
* * * LOW HITPOINT WARNING * * *
The deep elf blademaster hits you with a +0 rapier.
* * * LOW HITPOINT WARNING * * *
You hammer the deep elf blademaster like a gong!!!
You kill the deep elf blademaster!
Okawaru is honoured by your kill.
The orc knight hits you with a +3 long sword!
You die...

{ { {{ { {
#++##################
#..).o...............
#...@).....)........†
{{
#))##############p'##
{{ #).# {#....... {{
#..# #.#....# #### {{
#..# .. ...{.. #..#
#..# #. .#.{.{# #..#
#..# # .....{.. '..#
#).# {{ T#.#...o#
'..##########..# {{..


ooo... You could see an orc knight.

Vanquished Creatures
  A deep elf blademaster (D)
  A vampire knight (D)
  Erolcha (D)
  A catoblepas (D)
  A boulder beetle (D)
  6 death yaks (D)
  A deep elf knight (D)
  A shadow wraith (D)
  A bog body (D)
  A deep elf pyromancer (D)
  A lindwurm (D)
  4 orc knights (D)
  An orc sorcerer (D)
  A wolf spider (D)
  3 demonic crawlers (D)
  2 molten gargoyles (D)
  A smoke demon (D)
  An orange demon (D)
  A cane toad (D)
  2 unseen horrors (D)
  A komodo dragon (D)
  An ice devil (D)
  A polar bear (D)
  A red devil (D)
  A hornet (D)
  2 trolls (D)
  A tarantella (D)
  12 dream sheep (D)
  5 slime creatures (D)
  A vampire (D)
  A shadow (D)
  A wyvern (D)
  A fire bat (D)
  A redback (D)
  2 wargs (D)
  2 acid dragons (D)
  A floating eye (D)
  An orc warrior (D)
  A kobold brigand (D)
  3 orc priests (D)
  A hound (D)
  An iguana (D)
  2 orc wizards (D)
  3 mummies (D)
  A gnoll (D)
  A river rat (D)
  A white imp (D)
  2 ufetubi (D)
  An adder zombie (D)
  8 orcs (D)
  A giant cockroach (D)
  A goblin (D)
  A hobgoblin (D)
  2 quokkas (D)
  A ball python skeleton (D)
  A bat (D)
  3 frilled lizards (D)
  A rat (D)
104 creatures vanquished.

Vanquished Creatures (others)
  A rime drake (D)
  A kobold (D)
2 creatures vanquished.

Grand Total: 106 creatures vanquished

Notes
Turn   | Place    | Note
-------+----------+-------------------------------------------
     0 | D        | fozzywoppz the Formicid Fighter began the quest for the
                  | Orb.
     0 | D        | Reached XP level 1. HP: 18/18 MP: 1/1
    43 | D        | Found a glowing golden altar of the Shining One.
    43 | D        | Found a glowing silver altar of Zin.
    43 | D        | Found a basalt altar of Yredelemnul.
    43 | D        | Found a shimmering altar of Xom.
    43 | D        | Found an ornate altar of the Wu Jian Council.
    43 | D        | Found a bloodstained altar of Trog.
    43 | D        | Found a shimmering blue altar of Sif Muna.
    43 | D        | Found a sacrificial altar of Ru.
    43 | D        | Found a stormy altar of Qazlal.
    43 | D        | Found an iron altar of Okawaru.
    43 | D        | Found a sparkling altar of Nemelex Xobeh.
    43 | D        | Found a burning altar of Makhleb.
    43 | D        | Found a viscous altar of Jiyva.
    43 | D        | Found a hazy altar of Hepliaklqana.
    43 | D        | Found an opulent altar of Gozag.
    43 | D        | Found a blossoming altar of Fedhas.
    43 | D        | Found a white marble altar of Elyvilon.
    43 | D        | Found a shadowy altar of Dithmenos.
    43 | D        | Found a snail-covered altar of Cheibriados.
    44 | D        | Found a radiant altar of Vehumet.
    44 | D        | Found a corrupted altar of Lugonu.
    45 | D        | Found a hide-covered altar of Uskayaw.
    45 | D        | Found an ancient bone altar of Kikubaaqudgha.
    45 | D        | Found a broken altar of Ashenzari.
    51 | D        | Became a worshipper of Warmaster Okawaru
    77 | D        | Reached XP level 2. HP: 8/25 MP: 2/2
   157 | D        | Reached skill level 5 in Shields
   191 | D        | Noticed a floating eye
   199 | D        | Killed a floating eye
   199 | D        | Reached * piety under Okawaru
   200 | D        | Reached skill level 5 in Maces & Flails
   200 | D        | Reached XP level 3. HP: 34/34 MP: 3/3
   200 | D        | Reached XP level 4. HP: 40/40 MP: 4/4
   200 | D        | Reached XP level 5. HP: 46/46 MP: 5/5
   316 | D        | Reached ** piety under Okawaru
   322 | D        | Reached XP level 6. HP: 48/53 MP: 6/6
   345 | D        | Noticed an unseen horror
   352 | D        | Killed an unseen horror
   353 | D        | Reached skill level 10 in Shields
   353 | D        | Reached XP level 7. HP: 55/63 MP: 7/7
   510 | D        | Noticed a komodo dragon
   510 | D        | Noticed a death yak
   532 | D        | Killed a death yak
   532 | D        | Reached *** piety under Okawaru
   533 | D        | Reached skill level 10 in Fighting
   533 | D        | Reached skill level 10 in Armour
   533 | D        | Reached XP level 8. HP: 43/72 MP: 7/11
   537 | D        | Killed a komodo dragon
   538 | D        | Reached skill level 5 in Invocations
   702 | D        | Noticed a smoke demon
   717 | D        | Killed a smoke demon
   717 | D        | Reached **** piety under Okawaru
   718 | D        | Reached XP level 9. HP: 43/79 MP: 13/13
   832 | D        | Noticed a demonic crawler
   833 | D        | Noticed an orc sorcerer
   838 | D        | Killed an orc sorcerer
   839 | D        | Reached skill level 10 in Maces & Flails
   839 | D        | Reached skill level 5 in Dodging
   845 | D        | Killed a demonic crawler
   857 | D        | Noticed a demonic crawler
   857 | D        | Noticed an orange demon
   860 | D        | Noticed Erolcha
   863 | D        | Killed a demonic crawler
   864 | D        | Reached XP level 10. HP: 42/89 MP: 11/16
   868 | D        | Killed an orange demon
   873 | D        | Killed Erolcha
  1060 | D        | Noticed a boulder beetle
  1080 | D        | Killed a boulder beetle
  1080 | D        | Reached ***** piety under Okawaru
  1081 | D        | Reached skill level 10 in Invocations
  1091 | D        | Noticed a bog body
  1107 | D        | Killed a bog body
  1111 | D        | Noticed a death yak
  1111 | D        | Noticed a death yak
  1111 | D        | Noticed a death yak
  1111 | D        | Noticed a death yak
  1111 | D        | Noticed a cane toad
  1111 | D        | Noticed a wolf spider
  1111 | D        | Noticed a death yak
  1161 | D        | Noticed a catoblepas
  1186 | D        | Killed a catoblepas
  1187 | D        | Reached XP level 11. HP: 88/98 MP: 14/19
  1207 | D        | Identified the +4 eveningstar of Oneystr Pini {heavy,
                  | rElec} (Okawaru gifted it to you in the Dungeon)
  1207 | D        | Received a gift from Okawaru
  1212 | D        | Killed a wolf spider
  1215 | D        | Killed a death yak
  1230 | D        | Killed a death yak
  1233 | D        | Killed a death yak
  1244 | D        | Killed a death yak
  1248 | D        | Killed a death yak
  1248 | D        | Identified the +1 ring mail "Jemimar" {Harm rElec rF-
                  | Int+4} (Okawaru gifted it to you in the Dungeon)
  1248 | D        | Received a gift from Okawaru
  1249 | D        | Reached skill level 10 in Dodging
  1362 | D        | Noticed a deep elf pyromancer
  1365 | D        | Noticed a shadow wraith
  1376 | D        | Reached skill level 15 in Fighting
  1380 | D        | Reached skill level 15 in Armour
  1392 | D        | Killed a shadow wraith
  1397 | D        | Reached XP level 12. HP: 41/109 MP: 21/21
  1414 | D        | Reached skill level 15 in Maces & Flails
  1651 | D        | Got the Spellbook of Phantasmal Metal
  1953 | D        | Identified the +0 robe of the Nexus {-Cast Harm Regen+
                  | Str-5} (Okawaru gifted it to you in the Dungeon)
  1953 | D        | Received a gift from Okawaru
  1963 | D        | Noticed a vampire knight
  1966 | D        | Killed a vampire knight
  2087 | D        | Noticed a deep elf knight
  2103 | D        | Killed a deep elf knight
  2111 | D        | Noticed an orc warlord
  2111 | D        | Noticed an orc warlord
  2154 | D        | Reached XP level 13. HP: 76/119 MP: 16/22
  2220 | D        | Noticed a vault guard
  2233 | D        | Noticed a deep elf blademaster
  2254 | D        | Killed a deep elf blademaster
  2254 | D        | Slain by an orc knight

Illustrated notes

Levels and vault maps discovered:
D:        pitsprint [storerooms_1, entrance_room_1, metal_vault_2, armoury_3,
          mini_pit_1, grid_room_1, main_hall_1, silver_pit, the_coven_1,
          the_vestibule_1, steel_vault_2, golden_pit, hallway_of_sentries,
          crystal_vault_3, iron_vault_1, final_vault]

Skill      XL: |  1  2  3  4  5  6  7  8  9 10 11 12 |
---------------+-------------------------------------+-----
Fighting       | 6 8 10 11 13 15 16 | 16.4
Maces & Flails | 5 7 9 10 12 14 16 | 16.9
Armour         | 6 8 10 11 13 15 16 | 16.4
Shields        | 7 8 10 13 | 13.5
Dodging        | 3 4 6 8 10 11 | 11.6
Invocations    | 4 6 8 11 12 | 12.0

Action                     |  1- 3 |  4- 6 |  7- 9 | 10-12 | 13-15 || total
---------------------------+-------+-------+-------+-------+-------++-------
  Melee: Flail             |    41 |    27 |       |       |       ||    68
         Morningstar       |       |     7 |    36 |       |       ||    43
         Dire flail        |       |       |    34 |    86 |       ||   120
         Eveningstar       |       |       |       |   122 |    23 ||   145
 Invoke: Finesse           |       |       |     1 |     4 |     1 ||     6
         Heroism           |       |       |       |     2 |       ||     2
Ability: Dig               |       |       |       |     1 |       ||     1
    Use: Potion            |       |       |     3 |     5 |     3 ||    11
   Stab: Petrified         |       |       |       |     2 |       ||     2
         Petrifying        |       |       |       |     1 |       ||     1
 Armour: Scale mail        |    33 |     2 |       |       |       ||    35
         Plate armour      |       |    22 |    46 |   117 |    26 ||   211
  Dodge: Dodged            |    41 |    11 |    21 |    84 |     9 ||   166
  Block: Buckler           |    15 |     9 |    17 |    55 |    14 ||   110

Table legend: (Time is in decaauts)
 A = Elapsed time spent in this place.
 B = Non-inter-level travel time spent in this place.
 C = Inter-level travel time spent in this place.
 D = Time resting spent in this place.
 E = Time spent auto-exploring this place.
 F = Levels seen in this place.
 G = Mean time per level.
                   A        B        C        D        E       F      G
               +--------+--------+--------+--------+--------+-----+--------+
         Total |   2257 |   2257 |      0 |   1036 |      0 |   1 | 2257.0 |
       Dungeon |   2257 |   2257 |      0 |   1036 |      0 |   1 | 2257.0 |
               +--------+--------+--------+--------+--------+-----+--------+

Top non-repeatable levels by time:
       D: 2257 daAuts
